 Dungeon Crawl Stone Soup version 0.16-a0-3029-g57b17b4 (webtiles) character file.

41 Ololoev the Cudgeler (level 3, -1/29 HPs)
             Began as a Mummy Chaos Knight on Dec 8, 2014.
             Was a Plaything of Xom.
             Slain by an adder (5 damage)
             ... on level 2 of the Dungeon.
             The game lasted 00:04:44 (1725 turns).

Ololoev the Cudgeler (Mummy Chaos Knight)           Turns: 1725, Time: 00:04:45

Health: -1/29      AC:  6    Str: 16    XL:     3   Next: 32%
Magic:  3/3        EV: 11    Int: 11    God:    Xom [..*...]
Gold:   74         SH:  0    Dex: 11    Spells: 0 memorised, 2 levels left

rFire  x . .     SeeInvis .     a - +0 mace (chaos)
rCold  + . .     Clarity  .     b - +2 leather armour
rNeg   + + +     SustAb   .     (no shield)
rPois  ∞         Gourm    .     (no helmet)
rElec  .         Spirit   .     (no cloak)
rCorr  .         Warding  .     f - +0 pair of gloves
rMut   .         Stasis   .     (no boots)
MR     .....                    (no amulet)
Stlth  +.........               (no ring)
                                e - ring of teleport control

@: not resistant to hostile enchantments, very unstealthy
A: no food or potions, fire vulnerability, restore body, cold resistance 1,
negative energy resistance 3, poison resistance, torment resistance, unbreathing
a: Renounce Religion, Evoke Teleport Control


You were on level 2 of the Dungeon.
You worshipped Xom.
You were a toy of Xom.
You were not hungry.

You visited 1 branch of the dungeon, and saw 2 of its levels.

You collected 74 gold pieces.

Notes
Turn   | Place    | Note
--------------------------------------------------------------
     0 | D:1      | Ololoev, the Mummy Chaos Knight, began the quest for the Orb.
     0 | D:1      | Reached XP level 1. HP: 18/18 MP: 1/1
   199 | D:1      | XOM: butterfly on damage
   203 | D:1      | Reached XP level 2. HP: 9/24 MP: 2/2
   360 | D:1      | XOM is BORED!
   360 | D:1      | XOM: silly message
   381 | D:1      | XOM: silly message
   386 | D:1      | XOM: harmless Fire miscast
   573 | D:1      | XOM: divination: detect creatures
   892 | D:2      | XOM: harmless Chrm miscast
  1107 | D:2      | Reached XP level 3. HP: 26/29 MP: 3/3
  1255 | D:2      | Reached skill level 1 in Throwing
  1409 | D:2      | Found a stormy altar of Qazlal.
  1719 | D:2      | XOM: harmless Erth miscast
  1725 | D:2      | Slain by an adder

Inventory:

Hand weapons
 a - a +0 mace of chaos (weapon)
Missiles
 g - 5 javelins of returning (quivered)
 i - 3 javelins
Armour
 b - a +2 leather armour (worn)
 f - a +0 pair of gloves (worn)
Jewellery
 e - a ring of teleport control (left hand)
Scrolls
 c - a scroll of fear {unknown}
 d - a scroll of enchant weapon {unknown}
 h - a scroll of recharging {unknown}
 j - a scroll of amnesia {unknown}
 k - a scroll of random uselessness {unknown}
 l - a scroll of enchant armour {unknown}

Table legend:
 A = Turns spent in this place as a percentage of turns spent in the entire game.
 B = Non-inter-level travel turns spent in this place as a percentage of non-inter-level travel turns spent in the entire game.
 C = Inter-level travel turns spent in this place as a percentage of turns spent in this place.
 D = Turns resting spent in this place as a percentage of non-inter-level travel turns spent in this place.
 E = Turns spent auto-exploring this place as a percentage of non-inter-level travel turns spent in this place.
 F = Non-inter-level travel turns spent in this place divided by the number of levels of this place that you've seen.
                   A       B       C       D       E      F
               +-------+-------+-------+-------+-------+----------------------
         Total | 100.0 | 100.0 |   0.5 |   3.7 |  14.9 | 191.5
       Dungeon | 100.0 | 100.0 |   0.5 |   3.7 |  14.9 | 191.5
               +-------+-------+-------+-------+-------+----------------------


   Skills:
 - Level 3.0 Fighting
 + Level 3.3 Maces & Flails
 + Level 1.2 Throwing
 - Level 1.5 Armour
 - Level 0.7 Dodging


You had 2 spell levels left.
You didn't know any spells.

Dungeon Overview and Level Annotations

Branches:
Dungeon (2/15)

Altars:
Qazlal


Innate Abilities, Weirdness & Mutations

You do not eat or drink.
Your flesh is vulnerable to fire.
Your flesh is cold resistant.
You are immune to negative energy.
Your system is resistant to poisons.
You are immune to unholy pain and torment.
You can survive without breathing.


Message History

No target in view!
The goblin shouts!
Found a sedimented pink potion.
You see here a giant cockroach corpse.
HP restored.
l - a scroll labeled SUOZUU LAOMEV An adder comes into view.
Found a stone staircase leading up.
The adder bites you but does no damage. The adder closely misses you.
You closely miss the adder. The adder bites you.
You miss the adder. The adder barely misses you. The adder bites you.
You closely miss the adder. The adder bites you.
You completely miss the adder. The adder closely misses you.
The adder closely misses you.
You closely miss the adder. Xom almost notices you.
Your feet feel warm.
The adder bites you but does no damage. The adder misses you.
You hit the adder.
The adder goes berserk!
The adder is heavily wounded.
The adder misses you. The adder barely misses you.
You barely miss the adder.
The adder is heavily wounded.
The adder barely misses you. x2
The adder bites you.
You miss the adder.
The adder is heavily wounded.
The adder bites you. The adder barely misses you.
You closely miss the adder.
The adder is heavily wounded.
The adder bites you. The adder barely misses you. The adder bites you.
You are too injured to fight recklessly!
You closely miss the adder.
The adder is heavily wounded.
The adder bites you. The adder bites you but does no damage.
You barely miss the adder.
The adder is heavily wounded.
The adder bites you but does no damage. The adder bites you.
You die... "What!?
That's it?"

#.#.#.......#
#.#
#.#.........#
#.#
#.##.########
#.# #.##.#
#.# #....#
#.#
####.########
#.#
#.........# .
#..#######<
#.@# #.S#
#..# #...
##.. ...#
.#.. . .# # #


You could see an adder (berserk).

Table legend:
 A = Kills in this place as a percentage of kills in entire the game.
 B = Kills by you in this place as a percentage of kills by you in the entire game.
 C = Kills by friends in this place as a percentage of kills by friends in the entire game.
 D = Other kills in this place as a percentage of other kills in the entire game.
 E = Experience gained in this place as a percentage of experience gained in the entire game.
 F = Experience gained in this place divided by the number of levels of this place that you have seen.
                   A       B       C       D       E      F
               +-------+-------+-------+-------+-------+----------------------
         Total | 100.0 | 100.0 |  -nan |  -nan | 100.0 |  29.5
       Dungeon | 100.0 | 100.0 |  -nan |  -nan | 100.0 |  29.5
               +-------+-------+-------+-------+-------+----------------------

Vanquished Creatures
  A worm (D:2)
  An ooze (D:2)
  3 giant cockroaches (D:2)
  7 hobgoblins
  6 kobolds
  3 bats (D:1)
  A giant gecko (D:1)
  A giant newt (D:2)
  6 goblins
  2 rats
31 creatures vanquished.

Action                   || total
-------------------------++-------
Melee: Mace              ||   121
Throw: Javelin           ||     5
 Stab: Paralysed         ||     3

Vault maps used:
D:1:      dpeg_arrival_rooms_c, minmay_misc_feat_nine_boxes, st_stairs_14
D:2:      lemuel_round_altar, serial_co_window_serial, co_window_corner_a,
          co_window_corner_a, co_window_paths_b, co_window_paths_a,
          co_window_paths_a, co_window_of_opportunity_a,
          co_window_of_opportunity_a, co_window_paths_c, co_window_broadway_a,
          co_window_corner_b, co_window_4corner_b, co_window_paths_e,
          glass_columns_b, glass_columns_b, glass_columns_a, solitary_fountain,
          minmay_crystal_room
